 Dungeon Crawl Stone Soup version 0.31-a0-1002-g8e65716e6e (webtiles) character file.

Game seed: 9853555242485892526

946 BinkBink the Skirmisher (level 7, 0/33 HPs)
             Began as a Spriggan Hunter on Nov 10, 2023.
             Was an Initiate of Qazlal.
             Slain by an iguana (14 damage)
             ... on level 6 of the Dungeon.
             The game lasted 00:07:50 (5234 turns).

BinkBink the Skirmisher (Spriggan Hunter)           Turns: 5234, Time: 00:07:50

Health: 0/33       AC:  2    Str:  7    XL:     7   Next: 89%
Magic:  8/8        EV: 18    Int: 11    God:    Qazlal [......]
Gold:   245        SH:  0    Dex: 20    Spells: 6/6 levels left

rFire   . . .        a - +0 shortbow
rCold   . . .        (shield currently unavailable)
rNeg    . . .        c - +0 robe
rPois   .            (helmet restricted)
rElec   .            (no cloak)
rCorr   .            (gloves unavailable)
SInv    +            (boots unavailable)
Will    +....        (no amulet)
Stlth   ++           (no ring)
HPRegen 0.25/turn    (no ring)
MPRegen 0.11/turn

%: no passive effects
@: very quick
A: very small, no large weapons, unfitting armour, see invisible, speed 3
a: Renounce Religion


You were on level 6 of the Dungeon.
You worshipped Qazlal.
Qazlal was noncommittal.
You visited 1 branch of the dungeon, and saw 6 of its levels.

You collected 245 gold pieces.

Inventory:

Hand Weapons
 a - a +0 shortbow (weapon)
Armour
 c - a +0 robe (worn)
Jewellery
 j - a +6 ring of intelligence
Scrolls
 b - a scroll of butterflies
 e - a scroll of brand weapon {unknown}
 f - 4 scrolls of identify {unknown}
 g - 2 scrolls of immolation {unknown}
 i - a scroll of fog {unknown}
 l - a scroll of enchant weapon {unknown}
 n - a scroll of enchant armour {unknown}
 p - a scroll of poison {unknown}
Potions
 d - a potion of resistance {unknown}
 h - 2 potions of enlightenment {unknown}
 k - 2 potions of heal wounds {unknown}
 m - 4 potions of curing {unknown}
 o - 2 potions of attraction {unknown}
 q - a potion of lignification {unknown}
 r - a potion of might {unknown}
 s - a potion of brilliance {unknown}


   Skills:
 - Level 1.5 Fighting
 * Level 10.0 Ranged Weapons
 - Level 2.6 Dodging
 - Level 1.5 Stealth


You had 6 spell levels left.
You didn't know any spells.
Your spell library contained the following spells:

 Spells                   Type           Power      Damage    Failure   Level
 Apportation              Tloc           0%         N/A       34%         1
 Freeze                   Ice            0%         1d3       34%         1
 Necrotise                Necr           0%         1d4       34%         1
 Summon Small Mammal      Summ           0%         N/A       34%         1
 Call Canine Familiar     Summ           0%         N/A       71%         3
 Frozen Ramparts          Ice            0%         1d1       71%         3
 Hailstorm                Conj/Ice       0%         3d3       71%         3
 Inner Flame              Hex/Fire       0%         N/A       71%         3
 Stone Arrow              Conj/Erth      0%         3d7       71%         3
 Summon Guardian Golem    Hex/Summ       0%         N/A       71%         3
 Tukima's Dance           Hex            0%         N/A       71%         3
 Animate Armour           Summ/Erth      0%         N/A       98%         4
 Dimensional Bullseye     Hex/Tloc       0%         N/A       98%         4
 Flame Wave               Conj/Fire      0%         2d4       98%         4
 Iskenderun's Mystic Bla  Conj/Tloc      0%         2d3       98%         4
 Sticky Flame             Conj/Fire      0%         2d3       98%         4
 Agony                    Necr           0%         N/A       100%        5
 Fireball                 Conj/Fire      0%         3d3       100%        5
 Simulacrum               Ice/Necr       0%         N/A       100%        6
 Lehudib's Crystal Spear  Conj/Erth      0%         10d2      100%        8


Dungeon Overview and Level Annotations

Branches:
Dungeon (6/15)
 Temple: D:4-7

Altars:
Hepliaklqana
Nemelex Xobeh
Qazlal
Uskayaw

Shops:
D:1 (!(:   D:6 ?


Innate Abilities, Weirdness & Mutations

You are very small and have problems with some larger weapons.
You are too small for most types of armour.
You have supernaturally acute eyesight. (SInv)
You cover ground extremely quickly. (Speed+++)


Message History

Found Uxkiycett's Magic Scroll Boutique.
You feel sick.
You feel sick.
You feel sick.
You feel sick.
You feel sick.
You feel sick.
You feel sick.
You feel sick.
You feel sick.
You are no longer poisoned.
An orc priest and an iguana come into view.
The orc priest is wielding a +0 dagger and wearing a +2 ring mail of poison resistance.
Found a scroll labelled RUUNIO ZAYXODY.
The orc priest moves out of view.
The iguana moves out of view.
The iguana hisses angrily.
Found a scroll labelled HEGE LODIQOUSM.
Found a war axe.
Found a book of the Moon.
You see here a scroll labelled HEGE LODIQOUSM.
An orc wizard and an orc priest come into view.
The orc wizard shouts!
The orc priest shouts!
You hear a shout!
The orc priest looks satisfied for a moment.
The orc wizard attacks as it pursues you!
The orc wizard hits you but does no damage.
You see here a book of the Moon.
The orc wizard mumbles some strange words.
The orc wizard flickers and vanishes for a moment.
An iguana comes into view.
The iguana hisses angrily.
You shoot an arrow.
The arrow hits the iguana but does no damage.
The iguana misses you.
You shoot an arrow. The arrow hits the iguana.
The iguana is moderately wounded.
The iguana misses you.
You shoot an arrow. The arrow hits the iguana.
The iguana is heavily wounded.
The iguana bites you!
You die...

############
#@....o....#
.#######l########.#####
.........# #.........#
.######### #.#######.#
#.# #.# #.# #o# . #:#


You could see an iguana and an orc wizard (invisible).

Vanquished Creatures
  A water moccasin (D:5)
  A black bear (D:5)
  2 bullfrogs (D:4)
  2 scorpions (D:4)
  A howler monkey (D:5)
  4 hounds
  An orc priest (D:5)
  2 orc wizards (D:6)
  2 iguanas (D:5)
  Robin (D:3)
  7 adders
  A gnoll (D:1)
  2 ufetubi (D:6)
  A worm (D:2)
  2 dart slugs
  11 orcs
  3 endoplasms
  8 giant cockroaches
  13 goblins
  5 hobgoblins
  8 jackals
  4 kobolds
  4 quokkas
  5 ball pythons
  5 bats
  6 frilled lizards
  8 rats
110 creatures vanquished.

Notes
Turn   | Place    | Note
-------+----------+-------------------------------------------
     0 | D:1      | BinkBink the Spriggan Hunter began the quest for the Orb.
     0 | D:1      | Reached XP level 1. HP: 10/10 MP: 2/2
     9 | D:1      | Found Pyjip's Book Shoppe.
    14 | D:1      | Found Pongagun's Weapon Emporium.
    50 | D:1      | Reached XP level 2. HP: 14/14 MP: 3/3
   180 | D:1      | Found Ketihuv's Distillery.
   262 | D:1      | Reached skill level 5 in Ranged Weapons
   262 | D:1      | Reached XP level 3. HP: 18/18 MP: 4/4
   282 | D:1      | Found a faded altar of an unknown god.
   457 | D:1      | Found Wupagg's Weapon Shop.
   504 | D:2      | You fall into a shaft and drop 1 floor!
   504 | D:3      | Identified the of Ruoprof
   553 | D:3      | Noticed Robin
   610 | D:3      | Killed Robin
   611 | D:3      | Reached XP level 4. HP: 17/22 MP: 5/5
   705 | D:3      | Found a sparkling altar of Nemelex Xobeh.
   816 | D:3      | Found a hide-covered altar of Uskayaw.
  1081 | D:2      | Identified the +2 chain mail of Beauty {Rampage rPois rF-
                  | rCorr}
  1444 | D:2      | Reached skill level 6 in Ranged Weapons
  2021 | D:4      | Reached XP level 5. HP: 19/25 MP: 6/6
  2345 | D:4      | Reached skill level 7 in Ranged Weapons
  2508 | D:4      | Reached XP level 6. HP: 22/30 MP: 7/7
  2750 | D:4      | Found a hazy altar of Hepliaklqana.
  2753 | D:4      | Found a stormy altar of Qazlal.
  3108 | D:4      | Became a worshipper of Qazlal Stormbringer
  3387 | D:4      | Reached skill level 8 in Ranged Weapons
  3868 | D:5      | Entered Level 5 of the Dungeon
  3895 | D:5      | Reached XP level 7. HP: 26/33 MP: 8/8
  4073 | D:5      | Reached skill level 9 in Ranged Weapons
  5153 | D:6      | Reached skill level 10 in Ranged Weapons
  5179 | D:6      | Found Uxkiycett's Magic Scroll Boutique.
  5234 | D:6      | Slain by an iguana

Illustrated notes

Levels and vault maps discovered:
D:1:      scummos_arrival_hexagon, layout_rooms, serial_rivers,
          chequers_serial_rivers_small_a, chequers_serial_rivers_small_b,
          chequers_serial_rivers_micro_c, chequers_serial_rivers_micro_e,
          hellmonk_ecumenical_altar_lost_god, serial_shops, shop,
          nicolae_shop_bloodbath_and_beyond, nicolae_shop_statue_plus, shop
D:2:      layout_basic, roderic_lattice_a
D:3:      layout_loops_cross, nicolae_overflow_crystal_walls, marbit_many_paths,
          wad_orctagon, uniq_robin
D:4:      layout_basic, nicolae_overflow_squiral
D:5:      layout_rooms, dreamdust_princess_corridor
D:6:      layout_loops_cross, serial_shops, shop, nicolae_shop_statue_plus,
          shop, shop, nicolae_shop_window_shopping

Skill      XL: |  1  2  3  4  5  6  7 |
---------------+----------------------+-----
Ranged Weapons | 5 6 7 8 10 | 10.0
Fighting       | |  1.5
Dodging        | |  2.6
Stealth        | |  1.5

Action                     |  1- 3 |  4- 6 |  7- 9 || total
---------------------------+-------+-------+-------++-------
   Fire: Shortbow          |   112 |   223 |    97 ||   432
 Armour: Robe              |    17 |    38 |    17 ||    72
  Dodge: Dodged            |    44 |    83 |    37 ||   164

Table legend: (Time is in decaauts)
 A = Elapsed time spent in this place.
 B = Non-inter-level travel time spent in this place.
 C = Inter-level travel time spent in this place.
 D = Time resting spent in this place.
 E = Time spent auto-exploring this place.
 F = Levels seen in this place.
 G = Mean time per level.
                   A        B        C        D        E       F      G
               +--------+--------+--------+--------+--------+-----+--------+
         Total |   3765 |   3586 |    179 |    675 |   1910 |   6 |  627.5 |
       Dungeon |   3765 |   3586 |    179 |    675 |   1910 |   6 |  627.5 |
               +--------+--------+--------+--------+--------+-----+--------+

Top non-repeatable levels by time:
     D:4: 1361 daAuts
     D:5: 981 daAuts
     D:3: 499 daAuts
     D:2: 487 daAuts
     D:1: 357 daAuts
     D:6: 78 daAuts
